 Dungeon Crawl Stone Soup version 0.27-a0-1365-ge71e8f7681 (webtiles) character file.

Game seed: 15736038583294882688

207 HAL9000 the Sneak (level 5, -3/26 HPs)
             Began as a Vine Stalker Brigand on June 28, 2021.
             Killed from afar by a steam dragon (17 damage)
             ... with a ball of steam
             ... on level 4 of the Dungeon.
             The game lasted 00:04:08 (2371 turns).

HAL9000 the Sneak (Vine Stalker Brigand)            Turns: 2371, Time: 00:04:09

Health: -3/26      AC:  3    Str: 14    XL:     5   Next: 85%
Magic:  0/6        EV: 26    Int: 12    God:
Gold:   167        SH:  0    Dex: 15    Spells: 4/4 levels left

rFire    . . .     SeeInvis .   v - +0 fustibalus
rCold    . . .     Faith    .   (no shield)
rNeg     . . .     Spirit   +   b - +0 robe
rPois    .         Reflect  .   (no helmet)
rElec    .         Harm     .   c - +0 cloak
rCorr    .         Rampage  .   (no gloves)
Will     .....                  (no boots)
Stlth    +++.......             f - amulet of the acrobat
HPRegen  1.08/turn              (no ring)
MPRegen  0.10/turn              (no ring)

@: acrobatic, studying Polearms
A: fangs 2, regeneration 1, magic shield, antimagic bite, no potion heal 2
a: no special abilities


You were on level 4 of the Dungeon.
You visited 1 branch of the dungeon, and saw 4 of its levels.

You collected 167 gold pieces.

Inventory:

Hand Weapons
 a - a +2 dagger
 v - a +0 fustibalus (weapon)
Missiles
 d - 7 poisoned darts
 e - 2 curare-tipped darts
 w - 14 sling bullets (quivered ammo)
Armour
 b - a +0 robe (worn)
 c - a +0 cloak (worn)
Jewellery
 f - an amulet of the acrobat (around neck)
 u - an amulet of reflection
Scrolls
 g - a scroll of enchant weapon {unknown}
 h - a scroll of amnesia {unknown}
 j - 2 scrolls of identify {unknown}
 m - a scroll of silence {unknown}
 o - a scroll of teleportation {unknown}
 p - a scroll of acquirement {unknown}
Potions
 i - a potion of attraction {unknown}
 k - a potion of curing {unknown}
 l - 3 potions of resistance {unknown}
 n - a potion of flight {unknown}
 q - 2 potions of degeneration {unknown}
 r - 2 potions of brilliance {unknown}
 s - a potion of mutation {unknown}
 t - a potion of heal wounds {unknown}


   Skills:
 - Level 1.8 Fighting
 + Level 4.4 Short Blades
 - Level 1.7 Throwing
 - Level 1.0 Dodging
 - Level 6.2 Stealth


You had 4 spell levels left.
You didn't know any spells.
Your spell library was empty.

Dungeon Overview and Level Annotations

Branches:
Dungeon (4/15)
 Temple: D:4-7

Altars:

Annotations:
D:3 1 runed translucent door, Ijustatesigmund's ghost, amateur OpFi


Innate Abilities, Weirdness & Mutations

You have extremely sharp teeth.
Your natural rate of healing is unusually fast.
When hurt, damage is shared between your health and your magic reserves.
Your bite disrupts and absorbs the magic of your enemies.
Potions cannot restore your health.


Message History

The worm bites you but does no damage.
You hit the worm. You bite the worm. You drain its power.
The worm is almost dead.
You barely miss the worm. You bite the worm. You drain its power.
The worm is almost dead.
The worm bites you.
You hit the worm.
The worm is almost dead.
You barely miss the worm.
The worm is almost dead.
The worm bites you.
You hit the worm but do no damage. You bite the worm.
You kill the worm!
You start resting.
You hear the slow rusting of a very distant drain.
You start resting.
HP restored.
v - a +0 fustibalus (weapon)
Fire: 16 sling bullets
Press: ? - help, Q - select action, (/) - cycle Shift-Dir - straight line, f - steam dragon
Aim: a steam dragon (asleep, 98% to hit)
You shoot a sling bullet.
The sling bullet hits the steam dragon but does no damage.
The steam dragon hisses angrily.
Fire: 15 sling bullets
Press: ? - help, Q - select action, (/) - cycle Shift-Dir - straight line, f/p - steam dragon
Aim: a steam dragon (52% to hit)
You shoot a sling bullet.
The sling bullet barely misses the steam dragon.
The steam dragon breathes steam at you. The ball of steam hits you!!
Ouch! That really hurt!
Fire: 14 sling bullets
Press: ? - help, Q - select action, (/) - cycle Shift-Dir - straight line, f - you Really target yourself?
Okay, then.
The steam dragon breathes steam at you. The ball of steam hits you!!
Ouch! That really hurt!
You die...

.. ...... ### #......
...###############......
#.......##..........# .
#.............. ....#..
#...<.....##.##§......
##........##.#§§......
#........@§§§..D.....
##..........§.§...D..
#....##..#..........(
#...†)#..#...).).....
#...#....####))))###.
......##...# ##..##
#..... ##..# P)P♣ ##....
#..# PP.♣ ##... ####


There were no monsters in sight!

Vanquished Creatures
  A centaur zombie (D:4)
  A hound (D:3)
  Jessica (D:3)
  An iguana (D:3)
  2 adders (D:2)
  3 worms
  4 dart slugs
  An orc (D:3)
  7 ball pythons
  3 endoplasms
  3 giant cockroaches
  3 goblins
  11 hobgoblins
  A quokka (D:3)
  7 bats
  5 frilled lizards
  3 kobolds
  4 rats
61 creatures vanquished.

Notes
Turn   | Place    | Note
-------+----------+-------------------------------------------
     0 | D:1      | HAL9000 the Vine Stalker Brigand began the quest for the
                  | Orb.
     0 | D:1      | Reached XP level 1. HP: 11/11 MP: 2/2
     3 | D:1      | Noticed an electric eel
     4 | D:1      | Noticed an electric eel
   108 | D:1      | Reached skill level 5 in Stealth
   133 | D:1      | Reached XP level 2. HP: 15/15 MP: 3/3
   927 | D:2      | Found a faded altar of an unknown god.
   994 | D:2      | Reached XP level 3. HP: 17/18 MP: 4/4
  1113 | D:2      | Reached skill level 6 in Stealth
  1121 | D:2      | Reached skill level 1 in Dodging
  1664 | D:3      | Gained mutation: Your natural rate of healing is unusually
                  | fast. [Vine Stalker growth]
  1664 | D:3      | Reached XP level 4. HP: 3/23 MP: 1/5
  1842 | D:3      | Found a runed translucent door.
  1844 | D:3      | Noticed Ijustatesigmund's ghost (amateur OpFi)
  1849 | D:3      | Noticed Jessica
  1916 | D:3      | Killed Jessica
  1917 | D:3      | Reached XP level 5. HP: 21/26 MP: 6/6
  2233 | D:4      | Noticed a necrophage
  2331 | D:4      | Noticed a steam dragon
  2371 | D:4      | Killed from afar by a steam dragon

Illustrated notes

Levels and vault maps discovered:
D:1:      arrival_aquarium_b, layout_loops_ring
D:2:      layout_loops_cross, basic_ecumenical_altar, kennysheep_generic_room_14
D:3:      layout_rooms, ebering_ghost_reflecting_pool, uniq_jessica
D:4:      layout_cave_pools, elyvilon_altar_3, lemuel_coloured_pillars_altar,
          gup_sewer_entry_glass, uniq_duvessa, uniq_crazy_yiuf_cottage

Skill      XL: |  1  2  3  4  5 |
---------------+----------------+-----
Stealth        | 5 6 |  6.2
Short Blades   | 2 3 4 |  4.4
Dodging        | 1 |  1.0
Fighting       | |  1.8
Throwing       | |  1.7

Action                   |  1- 3 |  4- 6 || total
-------------------------+-------+-------++-------
Melee: Dagger            |    97 |   108 ||   205
       Bite              |    20 |    29 ||    49
 Fire: Fustibalus        |       |     2 ||     2
Throw: Dart              |     2 |     4 ||     6
 Stab: Sleeping          |    10 |     1 ||    11
Armor: Robe              |    25 |    24 ||    49
Dodge: Dodged            |    66 |    60 ||   126

Table legend: (Time is in decaauts)
 A = Elapsed time spent in this place.
 B = Non-inter-level travel time spent in this place.
 C = Inter-level travel time spent in this place.
 D = Time resting spent in this place.
 E = Time spent auto-exploring this place.
 F = Levels seen in this place.
 G = Mean time per level.
                   A        B        C        D        E       F      G
               +--------+--------+--------+--------+--------+-----+--------+
         Total |   2342 |   2208 |    134 |     53 |   1677 |   4 |  585.5 |
       Dungeon |   2342 |   2208 |    134 |     53 |   1677 |   4 |  585.5 |
               +--------+--------+--------+--------+--------+-----+--------+

Top non-repeatable levels by time:
     D:2: 916 daAuts
     D:1: 734 daAuts
     D:3: 543 daAuts
     D:4: 148 daAuts
